 Dungeon Crawl Stone Soup version 0.16-a0-3029-g57b17b4 (webtiles) character file.

2 Ololoev the Chopper (level 1, -2/11 HPs)
             Began as a Vine Stalker Berserker on Dec 8, 2014.
             Was a Follower of Trog.
             Slain by a hobgoblin
             ... wielding a +0 club
              (6 damage)
             ... on level 1 of the Dungeon.
             The game lasted 00:00:19 (32 turns).

Ololoev the Chopper (Vine Stalker Berserker)          Turns: 32, Time: 00:00:19

Health: -2/11      AC:  2    Str: 19    XL:     1   Next: 30%
Magic:  0/1        EV: 12    Int:  7    God:    Trog [*.....]
Gold:   12         SH:  0    Dex: 13    Spells: 0 memorised, 0 levels left

rFire  . . .     SeeInvis .     a - +0 hand axe
rCold  . . .     Clarity  .     b - +0 animal skin
rNeg   . . .     SustAb   .     (no shield)
rPois  .         Gourm    .     (no helmet)
rElec  .         Spirit   +     (no cloak)
rCorr  .         Warding  .     (no gloves)
rMut   .         Stasis   .     (no boots)
MR     .....                    (no amulet)
Stlth  +.........               (no ring)
                                (no ring)

@: not resistant to hostile enchantments, very unstealthy
A: fangs 2, regeneration 1, magic shield, antimagic bite, no device heal 3, rot
immunity
a: Burn Spellbooks, Berserk, Renounce Religion


You were on level 1 of the Dungeon.
You worshipped Trog.
Trog was aware of your devotion.
You were not hungry.

You visited 1 branch of the dungeon, and saw 1 of its levels.

You collected 12 gold pieces.

Notes
Turn   | Place    | Note
--------------------------------------------------------------
     0 | D:1      | Ololoev, the Vine Stalker Berserker, began the quest for the Orb.
     0 | D:1      | Reached XP level 1. HP: 11/11 MP: 1/1
    32 | D:1      | Slain by a hobgoblin

Inventory:

Hand weapons
 a - a +0 hand axe (weapon)
Armour
 b - a +0 animal skin (worn)
Comestibles
 c - a bread ration

Table legend:
 A = Turns spent in this place as a percentage of turns spent in the entire game.
 B = Non-inter-level travel turns spent in this place as a percentage of non-inter-level travel turns spent in the entire game.
 C = Inter-level travel turns spent in this place as a percentage of turns spent in this place.
 D = Turns resting spent in this place as a percentage of non-inter-level travel turns spent in this place.
 E = Turns spent auto-exploring this place as a percentage of non-inter-level travel turns spent in this place.
 F = Non-inter-level travel turns spent in this place divided by the number of levels of this place that you've seen.
                   A       B       C       D       E      F
               +-------+-------+-------+-------+-------+----------------------
         Total | 100.0 | 100.0 |   0.0 |   0.0 |   0.0 |  32.0
       Dungeon | 100.0 | 100.0 |   0.0 |   0.0 |   0.0 |  32.0
               +-------+-------+-------+-------+-------+----------------------


   Skills:
 - Level 2.6 Fighting
 * Level 2.8 Axes
 + Level 1.5 Armour
 - Level 1.5 Dodging


You couldn't memorise any spells.
You didn't know any spells.

Dungeon Overview and Level Annotations

Branches:
Dungeon (1/15)

Altars:


Innate Abilities, Weirdness & Mutations

You have extremely sharp teeth.
Your natural rate of healing is unusually fast.
When hurt, damage is shared between your health and your magic reserves.
Your bite disrupts and absorbs the magic of your enemies.
Potions and wands cannot restore your health.
You are immune to rotting.


Message History

Welcome, Ololoev the Vine Stalker Berserker.
The bosom of this dungeon contains the most powerful artefact, the Orb of Zot.
Trog says: Kill them all!
Press ? for a list of commands and other information.
Found a staircase leading out of the dungeon.
You open the large door.
There is a large open door here.
A giant newt comes into view.
Found 18 gold pieces.
Found 14 gold pieces.
The helpless giant newt fails to defend itself.
You slash the giant newt!
You kill the giant newt!
Trog accepts your kill.
You now have 12 gold pieces.
A hobgoblin comes into view. It is wielding a club.
The hobgoblin shouts!
A hobgoblin comes into view. It is wielding a club.
The hobgoblin shouts!
A rat comes into view.
You closely miss the hobgoblin. Your bite misses the hobgoblin.
The hobgoblin closely misses you.
You hit the hobgoblin.
The hobgoblin is moderately wounded.
The hobgoblin hits you but does no damage.
You hit the hobgoblin.
You bite the hobgoblin, but do no damage.
The hobgoblin is almost dead.
The hobgoblin hits you with a club.
You hit the hobgoblin.
You kill the hobgoblin!
Trog accepts your kill.
You hit the hobgoblin. Your bite misses the hobgoblin.
The hobgoblin is heavily wounded.
The hobgoblin hits you but does no damage.
You closely miss the hobgoblin.
The hobgoblin is heavily wounded.
The hobgoblin hits you with a club. The hobgoblin hits you with a club!
Ouch! That really hurt!
You die...

###################
#.......##........#
#.......##........##
####....................
...............@g$......
....##.##.#####.r.....#.
#...........#######
##............$
#......####.... #...P..#
#..... ## #...♣.##
..##... .+ #.♣...##. ..
.. .# #.P♣...... .


You could see a hobgoblin and a rat.

Table legend:
 A = Kills in this place as a percentage of kills in entire the game.
 B = Kills by you in this place as a percentage of kills by you in the entire game.
 C = Kills by friends in this place as a percentage of kills by friends in the entire game.
 D = Other kills in this place as a percentage of other kills in the entire game.
 E = Experience gained in this place as a percentage of experience gained in the entire game.
 F = Experience gained in this place divided by the number of levels of this place that you have seen.
                   A       B       C       D       E      F
               +-------+-------+-------+-------+-------+----------------------
         Total | 100.0 | 100.0 |  -nan |  -nan | 100.0 |   3.0
       Dungeon | 100.0 | 100.0 |  -nan |  -nan | 100.0 |   3.0
               +-------+-------+-------+-------+-------+----------------------

Vanquished Creatures
  A hobgoblin (D:1)
  A giant newt (D:1)
2 creatures vanquished.

Action                   || total
-------------------------++-------
Melee: Hand axe          ||     7
 Stab: Sleeping          ||     1

Vault maps used:
D:1:      denvon_arrival_planthouse
